Map: Iron Fortress LE (Void)

Players

Player1 (Seed) - Winner!

  • Race: Protoss Protoss

Player4 (GuMiho)

  • Race: Terran Terran

Event: Team Gravity's Fight Night #13

VOD

https://www.youtube.com/watch?v=8zqqsS00DPA&list=PL_BOlLcv8KbhFbvTakl6AYJq-DW01oMw_

Description

Time

  • Played on: April 5, 2015, 8:31 p.m.
  • Length: 7:49

All games in this series

Show
View Real Time Build Order
Export as new Build Order

Player1 Protoss - Winner!

Build Orders: 1 Gate Expand, Blink Stalkers, Stalker Disruptor 

Get SALT Encoding   

  12  0:00  Probe  
  13  0:13  Pylon  
  13  0:17  Probe  
  14  0:31  Probe (Chrono Boost)  
  15  0:41  Probe (Chrono Boost)  
  16  0:43  Gateway  
  16  0:48  Probe  
  17  1:00  Probe  
  18  1:10  Nexus  
  18  1:13  Probe  
  19  1:24  Assimilator  
  19  1:25  Probe, Assimilator  
  20  1:34  Cybernetics Core  
  20  1:39  Probe  
  21  1:44  Pylon  
  21  1:51  Probe (Chrono Boost)  
  22  2:04  Probe (Chrono Boost)  
  23  2:11  Stalker, Probe (Chrono Boost), Warp Gate (Chrono Boost)  
  28  2:23  Probe (Chrono Boost)  
  28  2:25  Probe (Chrono Boost)  
  28  2:30  Probe (Chrono Boost)  
  28  2:32  Twilight Council  
  30  2:38  Probe (Chrono Boost)  
  30  2:41  Probe (Chrono Boost)  
  31  2:46  Probe (Chrono Boost)  
  31  2:49  Stalker  
  35  2:51  Probe (Chrono Boost)  
  35  2:53  Probe (Chrono Boost)  
  36  2:59  Probe  
  37  3:05  Probe  
  37  3:09  Blink (Chrono Boost)  
  38  3:13  Probe  
  38  3:16  Assimilator  
  38  3:19  Probe  
  40  3:21  Stalker, Assimilator  
  40  3:25  Pylon  
  42  3:27  Probe  
  42  3:31  Probe  
  44  3:37  Gateway  
  44  3:38  Gateway  
  44  3:45  Probe (Chrono Boost)  
  45  3:49  Mothership Core (Chrono Boost)  
  45  3:51  Adept  
  49  4:00  Gateway  
  49  4:02  Gateway, Probe (Chrono Boost)  
  50  4:05  Probe  
  51  4:14  Probe  
  52  4:20  Robotics Facility  
  52  4:26  Pylon  
  52  4:28  Pylon  
  52  4:38  Probe x2  
  52  4:50  Probe  
  53  4:54  Stalker x3  
  59  5:08  Observer (Chrono Boost)  
  59  5:11  Robotics Bay  
  59  5:14  Pylon  
  60  5:16  Stalker x2  
  60  5:17  Stalker x2  
  68  5:21  Pylon  
  68  5:23  Pylon  
  68  5:32  Stalker  
  62  5:52  Stalker x4  
  62  5:57  Stalker  
  72  5:58  Warp Prism (Chrono Boost)  
  72  6:00  Gravitic Drive (Chrono Boost)  
  74  6:08  Robotics Facility  
  74  6:32  Disruptor (Chrono Boost)  
  74  6:40  Stalker x5  
  84  6:54  Nexus  
  84  6:55  Pylon  
  88  7:02  Forge  
  88  7:07  Probe x2  
  88  7:08  Disruptor (Chrono Boost)  
  90  7:21  Stalker x2  
  90  7:22  Stalker x3  
Show
View Real Time Build Order
Export as new Build Order

Player4 Terran 

Build Orders: Command Center First (CC), Hellion Cyclone 

Get SALT Encoding   

  12  0:01  SCV  
  13  0:13  SCV  
  14  0:19  Supply Depot  
  14  0:25  SCV  
  15  0:41  SCV  
  16  0:53  SCV  
  17  0:59  Command Center  
  17  1:05  SCV  
  18  1:12  Barracks  
  18  1:19  Refinery  
  18  1:21  SCV  
  19  1:26  Refinery  
  19  1:33  SCV  
  20  1:45  SCV  
  21  1:57  SCV  
  22  2:03  Marine  
  22  2:04  Factory  
  23  2:10  Orbital Command  
  23  2:14  Orbital Command  
  23  2:21  Marine  
  24  2:35  SCV  
  25  2:39  Marine  
  25  2:41  SCV  
  27  2:47  SCV  
  27  2:48  Factory Tech Lab  
  28  2:52  Supply Depot  
  28  2:53  SCV  
  28  2:56  Marine  
  30  2:59  SCV  
  30  3:00  Armory  
  30  3:05  SCV  
  32  3:06  Cyclone  
  32  3:11  SCV  
  36  3:16  Barracks Reactor  
  36  3:17  SCV  
  37  3:20  Supply Depot  
  37  3:23  SCV  
  37  3:24  Refinery  
  38  3:27  Refinery  
  38  3:29  SCV  
  39  3:35  SCV  
  39  3:38  Cyclone  
  43  3:41  SCV  
  43  3:48  SCV  
  45  3:53  SCV, Marine x2  
  45  3:55  Unknown  
  48  3:59  Engineering Bay  
  48  4:00  SCV  
  49  4:05  SCV  
  49  4:06  Terran Vehicle and Ship Weapons Level 1  
  50  4:11  Marine x2  
  50  4:12  SCV  
  53  4:17  SCV  
  54  4:28  Supply Depot  
  54  4:42  Supply Depot  
  54  4:47  Factory  
  54  4:49  Factory, Marine x2  
  54  4:50  SCV x2, Cyclone  
  60  5:04  SCV x2  
  59  5:07  Command Center, Marine x2  
  61  5:16  SCV x2  
  61  5:17  Supply Depot  
  61  5:18  Missile Turret  
  61  5:19  Missile Turret  
  63  5:22  Cyclone  
  63  5:28  SCV x2  
  68  5:34  Factory Tech Lab  
  68  5:36  Factory x2  
  62  5:46  Hellion, Hellbat  
  60  5:51  SCV x2  
  60  5:54  Cyclone  
  60  5:55  Cyclone  
  68  5:59  Supply Depot  
  65  6:15  Hellion x2  
  63  6:28  Cyclone x2  
  68  6:37  Factory Tech Lab, Hellion x2  
  68  6:47  Factory Reactor  
  68  6:54  Command Center  
  68  7:00  SCV, Cyclone x2  
  75  7:09  Cyclone  
  75  7:10  Hellion x2  
  75  7:11  Refinery  
  75  7:12  Refinery  
  75  7:14  SCV  
  75  7:15  SCV  
  84  7:27  SCV x2  

Tags
 
Add a new tag
Caveats
  • Supply blocks, unpowered buildings, or Contaminate may cause inaccurate times.
  • Supply counts are checked every 10 seconds.